[Event "GER-ch Youth-U12 2024"]
[Site "Willingen"]
[Date "2024.05.19"]
[Round "2"]
[White "Schulz, Robin"]
[Black "Nezhyvenko, Mykhaylo"]
[Result "0-1"]
[ECO "B12"]
[WhiteElo "1730"]
[BlackElo "2075"]
[Annotator "NA RC"]
[PlyCount "110"]
[EventDate "2022.06.05"]
[EventType "swiss"]
[EventRounds "9"]
[EventCountry "GER"]
[SourceTitle "playchess.com"]
[Source "ChessBase"]
[SourceQuality "1"]
[TimeControl "40/4500+30:900+30"]

1. e4 c6 2. d4 d5 3. e5 c5 4. c3 cxd4 5. cxd4 Nc6 6. Bb5 Bf5 7. Nc3 e6 8. h4 h5 9. Nf3 a6 10. Ba4 b5 11. Bc2 Nge7 12. Bg5 Qb6 13. Ne2 Rc8 14. Rc1 Bxc2 15. Rxc2 Nf5 16. O-O Be7 17. Bxe7 Nfxe7 18. Ng3 g6 19. Qd2 Kd7 20. a4 bxa4 21. Ra1 Qb5 22. Rc5 Qb4 23. Qxb4 Nxb4 24. Rxc8 Rxc8 25. Rxa4 Rc1+ 26. Kh2 Nec6 27. Ng5 Ke7 28. Ra3 Rc2 29. Rf3 Nd8 30. Rb3 Nbc6 31. Rb6 Nxd4 32. Rxa6 Rxb2 33. Ra7+ Rb7 34. Ra4 N4c6 35. Nf3 Ra7 36. Rxa7+ Nxa7 37. Ne2 Nb5 38. Nfd4 Nxd4 39. Nxd4 Kd7 40. Nb5 Nc6 41. f4 Ke7 42. Kg3 f6 43. exf6+ Kxf6 44. Kf3 e5 45. fxe5+ Kxe5 46. g4 Nd4+ 47. Nxd4 Kxd4 48. gxh5 gxh5 49. Kf4 Kc4 50. Kg5 d4 51. Kxh5 d3 52. Kg6 d2 53. h5 d1=Q 54. h6 Qg4+ 55. Kh7 Qg5 0-1

[Event "GER-ch Youth-U12 2024"]
[Site "Willingen"]
[Date "2024.05.19"]
[Round "2"]
[White "Gersemann, Karl"]
[Black "Sheng, Ming"]
[Result "0-1"]
[ECO "B11"]
[WhiteElo "1729"]
[BlackElo "2031"]
[Annotator "NA RC"]
[PlyCount "76"]
[EventDate "2022.06.05"]
[EventType "swiss"]
[EventRounds "9"]
[EventCountry "GER"]
[SourceTitle "playchess.com"]
[Source "ChessBase"]
[SourceQuality "1"]
[TimeControl "40/4500+30:900+30"]

1. e4 c6 2. Nc3 d5 3. Nf3 Bg4 4. h3 Bxf3 5. Qxf3 e6 6. d3 Nd7 7. Bd2 Bc5 8. g4 Qh4 9. Ne2 dxe4 10. dxe4 Qf6 11. Qxf6 Ngxf6 12. Nc3 Ne5 13. Be2 O-O-O 14. f4 Ng6 15. O-O-O Bb4 16. Bd3 e5 17. f5 Ne7 18. g5 Ne8 19. Be3 Bxc3 20. bxc3 b6 21. Ba6+ Kc7 22. Rxd8 Kxd8 23. Rd1+ Kc7 24. Bd3 Nd6 25. h4 c5 26. c4 f6 27. Rg1 Rg8 28. gxf6 gxf6 29. Rxg8 Nxg8 30. Kd2 Kd7 31. Ke1 Ke8 32. Kf1 Ne7 33. Ke1 Kf7 34. Bh6 Nc6 35. Kd2 Nd4 36. Ke3 Kg8 37. Kf2 Nc6 38. Be3 Na5 0-1

[Event "GER-ch Youth-U12 2024"]
[Site "Willingen"]
[Date "2024.05.19"]
[Round "2"]
[White "Hepp, Daniel"]
[Black "Franke, Moritz"]
[Result "0-1"]
[ECO "A29"]
[WhiteElo "1721"]
[BlackElo "1597"]
[Annotator "NA RC"]
[PlyCount "48"]
[EventDate "2022.06.05"]
[EventType "swiss"]
[EventRounds "9"]
[EventCountry "GER"]
[SourceTitle "playchess.com"]
[Source "ChessBase"]
[SourceQuality "1"]
[TimeControl "40/4500+30:900+30"]

1. c4 e5 2. Nc3 Nc6 3. Nf3 Bc5 4. g3 d6 5. Bg2 Nf6 6. d3 O-O 7. O-O a6 8. a3 Bd7 9. b4 Ba7 10. Bb2 Rb8 11. Rc1 b5 12. Nd2 Ne7 13. Nce4 Nxe4 14. Nxe4 Bc6 15. e3 bxc4 16. dxc4 f5 17. Ng5 Bxg2 18. Kxg2 Qd7 19. c5 Qc6+ 20. Kg1 dxc5 21. Qb3+ Kh8 22. Nf7+ Kg8 23. Nh6+ Kh8 24. Qg8+ Nxg8 0-1

[Event "GER-ch Youth-U12 2024"]
[Site "Willingen"]
[Date "2024.05.19"]
[Round "2"]
[White "Wagener, Nicolas"]
[Black "Rinke, Alexander"]
[Result "1-0"]
[ECO "B10"]
[WhiteElo "1713"]
[BlackElo "1596"]
[Annotator "NA RC"]
[PlyCount "63"]
[EventDate "2022.06.05"]
[EventType "swiss"]
[EventRounds "9"]
[EventCountry "GER"]
[SourceTitle "playchess.com"]
[Source "ChessBase"]
[SourceQuality "1"]
[TimeControl "40/4500+30:900+30"]

1. e4 c6 2. Nf3 d5 3. exd5 cxd5 4. Ne5 Nc6 5. Bb5 Bd7 6. Nxd7 Qxd7 7. O-O a6 8. Bxc6 Qxc6 9. Re1 e6 10. d4 Nf6 11. Bg5 Be7 12. Nd2 O-O 13. Nf3 Rac8 14. c3 b5 15. Ne5 Qb7 16. Re3 b4 17. cxb4 Qxb4 18. Bxf6 Bxf6 19. Nd7 Bxd4 20. Rb3 Qc4 21. Nxf8 Kxf8 22. g3 Qc5 23. Qf3 Qc2 24. Rb7 Bf6 25. Qa3+ Kg8 26. Qxa6 Bd4 27. Rf1 e5 28. Qd6 e4 29. Qxd5 Qc4 30. Qxc4 Rxc4 31. Rb8+ Rc8 32. Rxc8# 1-0

[Event "GER-ch Youth-U12 2024"]
[Site "Willingen"]
[Date "2024.05.19"]
[Round "2"]
[White "Sasikumar Anitha, Sarvesh"]
[Black "Vartanian, Roman"]
[Result "0-1"]
[ECO "B33"]
[WhiteElo "1703"]
[BlackElo "1797"]
[Annotator "NA"]
[PlyCount "74"]
[EventDate "2022.06.05"]
[EventType "swiss"]
[EventRounds "9"]
[EventCountry "GER"]
[SourceTitle "playchess.com"]
[Source "ChessBase"]
[SourceQuality "1"]
[TimeControl "40/4500+30:900+30"]

1. e4 c5 2. Nf3 Nc6 3. d4 cxd4 4. Nxd4 Nf6 5. Nc3 e5 6. Ndb5 d6 7. Nd5 Nxd5 8. exd5 Ne7 9. c4 a6 10. Nc3 Ng6 11. Bd3 Be7 12. O-O O-O 13. Qh5 f5 14. g3 Bd7 15. h4 e4 16. Bc2 Ne5 17. Qe2 Bxh4 18. Bf4 Bf6 19. Kg2 Rc8 20. Bb3 Be8 21. Rh1 Nd3 22. Be3 b5 23. Rh2 bxc4 24. Ba4 Bg6 25. Rah1 Ne5 26. Bd1 Bg5 27. Qd2 Bxe3 28. Qxe3 Qf6 29. Bh5 Bxh5 30. Rxh5 h6 31. Ne2 Ng4 32. Qb6 Rb8 33. Qxa6 Rxb2 34. Qxc4 Ne5 35. Qa6 Nd3 36. Nf4 Rxf2+ 37. Kg1 Qa1# 0-1

[Event "GER-ch Youth-U12 2024"]
[Site "Willingen"]
[Date "2024.05.19"]
[Round "2"]
[White "Andersen, Jonathan"]
[Black "Fadeev, Justin Michael"]
[Result "0-1"]
[ECO "C02"]
[WhiteElo "1693"]
[BlackElo "1762"]
[Annotator "NA RC"]
[PlyCount "58"]
[EventDate "2022.06.05"]
[EventType "swiss"]
[EventRounds "9"]
[EventCountry "GER"]
[SourceTitle "playchess.com"]
[Source "ChessBase"]
[SourceQuality "1"]
[TimeControl "40/4500+30:900+30"]

1. e4 e6 2. d4 d5 3. e5 c5 4. c3 Qb6 5. a3 Nc6 6. Nf3 c4 7. Be2 Na5 8. Nbd2 Bd7 9. O-O h6 10. Qc2 Ne7 11. Re1 O-O-O 12. Rb1 Kb8 13. Bd1 Rc8 14. b3 cxb3 15. Nxb3 Nxb3 16. Rxb3 Ba4 17. Rxb6 Bxc2 18. Rd6 Bxd1 19. Rxd1 Kc7 20. g4 Ng6 21. h4 Bxd6 22. exd6+ Kxd6 23. h5 Ne7 24. Bf4+ Kd7 25. Ne5+ Ke8 26. Rb1 b6 27. Bd2 Nc6 28. Nd3 Na5 29. Re1 Nb3 0-1

[Event "GER-ch Youth-U12 2024"]
[Site "Willingen"]
[Date "2024.05.19"]
[Round "2"]
[White "Subocz, Barbara"]
[Black "Sun, Christopher"]
[Result "0-1"]
[ECO "C18"]
[WhiteElo "1692"]
[BlackElo "1714"]
[Annotator "NA"]
[PlyCount "50"]
[EventDate "2022.06.05"]
[EventType "swiss"]
[EventRounds "9"]
[EventCountry "GER"]
[SourceTitle "playchess.com"]
[Source "ChessBase"]
[SourceQuality "1"]
[TimeControl "40/4500+30:900+30"]

1. e4 e6 2. d4 d5 3. Nc3 Bb4 4. e5 c5 5. a3 Bxc3+ 6. bxc3 Qa5 7. Bd2 Nc6 8. Ne2 Nge7 9. Ng3 Qa4 10. Bd3 cxd4 11. cxd4 Qxd4 12. O-O Bd7 13. Rb1 b6 14. Be3 Qxe5 15. Re1 Qc7 16. Qg4 Ng6 17. Bxg6 hxg6 18. Rbd1 O-O-O 19. Qe2 Kb7 20. Rb1 Rc8 21. Rec1 Ne7 22. a4 Bxa4 23. c3 Nf5 24. Nxf5 Qxh2+ 25. Kf1 Qh1# 0-1

[Event "GER-ch Youth-U12 2024"]
[Site "Willingen"]
[Date "2024.05.19"]
[Round "2"]
[White "Vu Hoang Bach"]
[Black "Rau, Eduard"]
[Result "1-0"]
[ECO "D02"]
[WhiteElo "1677"]
[BlackElo "1756"]
[Annotator "NA"]
[PlyCount "99"]
[EventDate "2022.06.05"]
[EventType "swiss"]
[EventRounds "9"]
[EventCountry "GER"]
[SourceTitle "playchess.com"]
[Source "ChessBase"]
[SourceQuality "1"]
[TimeControl "40/4500+30:900+30"]

1. d4 Nf6 2. Nf3 d5 3. Bf4 c5 4. e3 Nc6 5. c3 Qb6 6. Qc2 g6 7. Nbd2 Bg7 8. h3 h5 9. Ne5 Ne4 10. Nxe4 dxe4 11. Nc4 Qd8 12. O-O-O cxd4 13. exd4 Bf5 14. Ne3 Rc8 15. Bb5 O-O 16. Bxc6 Rxc6 17. Kb1 Qb6 18. Nd5 Qd8 19. Ne3 Qa5 20. Nxf5 gxf5 21. g4 hxg4 22. hxg4 Rfc8 23. Qd2 fxg4 24. Bh6 Ra6 25. a3 Qf5 26. Ka1 Rf6 27. Bg5 Re6 28. Rh4 Qg6 29. Rdh1 f5 30. Bh6 Bf6 31. R4h2 Ra6 32. Bf4 Bg7 33. Rh5 Qf7 34. Be5 Rf6 35. Qg5 Qg6 36. Bxf6 Qxf6 37. Rh8+ Kf7 38. Qxf6+ Kxf6 39. Rxc8 Kg5 40. Rg8 Kf4 41. Rxg7 Kf3 42. Rf7 f4 43. Rh2 e3 44. fxe3 g3 45. Rhh7 Kxe3 46. Rxe7+ Kf2 47. Rhg7 g2 48. Ref7 f3 49. Rxf3+ Kxf3 50. Rxg2 1-0

[Event "GER-ch Youth-U12 2024"]
[Site "Willingen"]
[Date "2024.05.19"]
[Round "2"]
[White "Obermair, Hannes"]
[Black "Vinogradov, Ilia"]
[Result "1/2-1/2"]
[ECO "A25"]
[WhiteElo "1668"]
[BlackElo "1723"]
[Annotator "NA"]
[PlyCount "80"]
[EventDate "2022.06.05"]
[EventType "swiss"]
[EventRounds "9"]
[EventCountry "GER"]
[SourceTitle "playchess.com"]
[Source "ChessBase"]
[SourceQuality "1"]
[TimeControl "40/4500+30:900+30"]

1. c4 e5 2. Nc3 Nc6 3. g3 Bc5 4. Bg2 a6 5. e3 Ba7 6. Nge2 d6 7. O-O h5 8. h4 g5 9. hxg5 Qxg5 10. d4 h4 11. Ne4 Qh6 12. f3 hxg3 13. N4xg3 f5 14. Kf2 f4 15. exf4 Nxd4 16. Be3 Nxe2 17. Qxe2 Qxf4 18. Bxa7 Rxa7 19. Rh1 Qd4+ 20. Kf1 Rxh1+ 21. Nxh1 Bd7 22. Rd1 Qf4 23. Nf2 Be6 24. Ne4 Nh6 25. Qd3 Nf5 26. Kf2 Qh4+ 27. Kg1 Ra8 28. Nf2 Qxc4 29. Qxc4 Bxc4 30. Rc1 Bxa2 31. Rxc7 Bd5 32. Ne4 Kd8 33. Rh7 b5 34. Nf6 Bc6 35. f4 Bxg2 36. Kxg2 Rb8 37. Nd5 Kc8 38. Rc7+ Kd8 39. Rh7 Kc8 40. Rc7+ Kd8 1/2-1/2

[Event "GER-ch Youth-U12 2024"]
[Site "Willingen"]
[Date "2024.05.19"]
[Round "2"]
[White "Prashanthakumar, Arnesh"]
[Black "Balashvili, Amiran"]
[Result "1/2-1/2"]
[ECO "C50"]
[WhiteElo "1634"]
[BlackElo "1682"]
[Annotator "NA"]
[PlyCount "53"]
[EventDate "2022.06.05"]
[EventType "swiss"]
[EventRounds "9"]
[EventCountry "GER"]
[SourceTitle "playchess.com"]
[Source "ChessBase"]
[SourceQuality "1"]
[TimeControl "40/4500+30:900+30"]

1. e4 e5 2. Bc4 Nf6 3. Nc3 Bc5 4. d3 Nc6 5. Nf3 d6 6. Bg5 Be6 7. Bb3 Qd7 8. h3 O-O-O 9. Qd2 h6 10. Be3 Bxe3 11. Qxe3 a6 12. O-O-O Bxb3 13. axb3 Qe6 14. Nh4 g6 15. Nf3 d5 16. exd5 Nxd5 17. Qd2 g5 18. Rhe1 f6 19. Re4 Nf4 20. Rg1 Qg8 21. Qe1 g4 22. hxg4 Qxg4 23. Qe3 Qh5 24. Ne2 Nxe2+ 25. Qxe2 Rhg8 26. Rh4 Qg6 27. Re4 1/2-1/2

[Event "GER-ch Youth-U12 2024"]
[Site "Willingen"]
[Date "2024.05.19"]
[Round "2"]
[White "Doeding, Alexander"]
[Black "König, Lian"]
[Result "1-0"]
[ECO "C50"]
[WhiteElo "1633"]
[BlackElo "1180"]
[Annotator "NA"]
[PlyCount "40"]
[EventDate "2022.06.05"]
[EventType "swiss"]
[EventRounds "9"]
[EventCountry "GER"]
[SourceTitle "playchess.com"]
[Source "ChessBase"]
[SourceQuality "1"]
[TimeControl "40/4500+30:900+30"]

1. e4 e5 2. Nf3 Nc6 3. d4 exd4 4. Bc4 Be7 5. Nxd4 Nf6 6. Nc3 d6 7. Nxc6 bxc6 8. h3 O-O 9. O-O h6 10. Qf3 a5 11. Bf4 Be6 12. Bxe6 fxe6 13. Qd3 d5 14. exd5 cxd5 15. Rfe1 Ne8 16. Bh2 Qc8 17. Nxd5 exd5 18. Rxe7 c6 19. Rae1 Qd8 20. Qg6 Ra6 1-0

[Event "GER-ch Youth-U12 2024"]
[Site "Willingen"]
[Date "2024.05.19"]
[Round "2"]
[White "Heins, Simon"]
[Black "Yozgyur, Ediz"]
[Result "1-0"]
[ECO "B76"]
[WhiteElo "1626"]
[BlackElo "1789"]
[Annotator "NA RC"]
[PlyCount "69"]
[EventDate "2022.06.05"]
[EventType "swiss"]
[EventRounds "9"]
[EventCountry "GER"]
[SourceTitle "playchess.com"]
[Source "ChessBase"]
[SourceQuality "1"]
[TimeControl "40/4500+30:900+30"]

1. e4 c5 2. Nf3 d6 3. d4 cxd4 4. Nxd4 Nf6 5. Nc3 g6 6. f3 Bg7 7. Be3 O-O 8. Qd2 Nc6 9. O-O-O d5 10. Nxc6 bxc6 11. exd5 cxd5 12. Nxd5 Nxd5 13. Qxd5 Qc7 14. Qxa8 Bf5 15. Qxf8+ Kxf8 16. Bd3 Qe5 17. Bxf5 Qxb2+ 18. Kd2 Qc3+ 19. Ke2 e6 20. Bd3 Qe5 21. Kf2 f5 22. f4 Qc7 23. Rhe1 g5 24. Kg1 gxf4 25. Bf2 Be5 26. Be2 Qxc2 27. Bf3 Qc7 28. Rc1 Qa5 29. Bc5+ Kf7 30. Rxe5 Qd2 31. Rce1 Qxa2 32. Rxe6 a5 33. Bh5+ Kg7 34. Bd4+ Kf8 35. Re8# 1-0

[Event "GER-ch Youth-U12 2024"]
[Site "Willingen"]
[Date "2024.05.19"]
[Round "2"]
[White "Schmidt, Jossip"]
[Black "Leonhardt, Max"]
[Result "1-0"]
[ECO "D41"]
[WhiteElo "1603"]
[BlackElo "1691"]
[Annotator "NA RC"]
[PlyCount "57"]
[EventDate "2022.06.05"]
[EventType "swiss"]
[EventRounds "9"]
[EventCountry "GER"]
[SourceTitle "playchess.com"]
[Source "ChessBase"]
[SourceQuality "1"]
[TimeControl "40/4500+30:900+30"]

1. d4 Nf6 2. c4 e6 3. Nc3 d5 4. Nf3 c5 5. cxd5 Nxd5 6. Nxd5 Qxd5 7. e3 cxd4 8. Nxd4 e5 9. Qf3 Bb4+ 10. Ke2 e4 11. Qg3 h5 12. Qxg7 Rf8 13. f3 exf3+ 14. gxf3 b6 15. Bg2 f5 16. f4 Qc4+ 17. Kf2 Rg8 18. Qe5+ Be7 19. Bd5 Qd3 20. Bxa8 Nd7 21. Qc7 Ba6 22. Bc6 Bh4+ 23. Kf3 Rg7 24. Qe5+ Re7 25. Qh8+ Kf7 26. Qxh5+ Kf8 27. Qh8+ Kf7 28. Bd5+ Kg6 29. Rg1+ 1-0

[Event "GER-ch Youth-U12 2024"]
[Site "Willingen"]
[Date "2024.05.19"]
[Round "2"]
[White "Moskalenko, Michael"]
[Black "Schellinger, Florian"]
[Result "1-0"]
[ECO "E30"]
[WhiteElo "1574"]
[BlackElo "863"]
[Annotator "NA RC"]
[PlyCount "71"]
[EventDate "2022.06.05"]
[EventType "swiss"]
[EventRounds "9"]
[EventCountry "GER"]
[SourceTitle "playchess.com"]
[Source "ChessBase"]
[SourceQuality "1"]
[TimeControl "40/4500+30:900+30"]

1. d4 e6 2. c4 Nf6 3. Nf3 Nc6 4. Nc3 Bb4 5. Bg5 h6 6. Bh4 d5 7. e3 O-O 8. Bd3 dxc4 9. Bxc4 Bxc3+ 10. bxc3 Qd6 11. Bxf6 gxf6 12. Qd2 Qe7 13. e4 e5 14. d5 Nd8 15. Bb3 Kh7 16. Nh4 Rg8 17. O-O-O Bd7 18. f4 exf4 19. Qxf4 Rc8 20. Bc2 Rg7 21. e5+ Kg8 22. exf6 Rg4 23. Qxg4+ Bxg4 24. fxe7 Bxd1 25. e8=Q+ Kg7 26. Nf5+ Kf6 27. Qe7+ Kg6 28. Nh4+ Kg7 29. Kxd1 c6 30. Qe5+ f6 31. Qe7+ Nf7 32. Nf5+ Kg6 33. Nd6+ f5 34. Qxf7+ Kg5 35. Qxf5+ Kh4 36. g3# 1-0

[Event "GER-ch Youth-U12 2024"]
[Site "Willingen"]
[Date "2024.05.19"]
[Round "2"]
[White "Grabowski, Joshua"]
[Black "Rodriguez Klasen, Ennio"]
[Result "0-1"]
[ECO "D00"]
[WhiteElo "1532"]
[BlackElo "1802"]
[Annotator "NA RC"]
[PlyCount "80"]
[EventDate "2022.06.05"]
[EventType "swiss"]
[EventRounds "9"]
[EventCountry "GER"]
[SourceTitle "playchess.com"]
[Source "ChessBase"]
[SourceQuality "1"]
[TimeControl "40/4500+30:900+30"]

1. d4 Nf6 2. Nc3 d5 3. Bf4 a6 4. e3 Bf5 5. Bd3 Bxd3 6. Qxd3 e6 7. Nf3 Bb4 8. O-O O-O 9. a3 Bxc3 10. Qxc3 Nc6 11. Ne5 Nxe5 12. Bxe5 Ne4 13. Qxc7 Qxc7 14. Bxc7 Rfc8 15. Ba5 Rxc2 16. f3 Nd6 17. Bc3 Nc4 18. Rfe1 Rc8 19. Rab1 b5 20. Kf1 Nxa3 21. Ra1 Nc4 22. Re2 Rxe2 23. Kxe2 Nxb2 24. Rxa6 g6 25. Kd2 Nc4+ 26. Kd3 Nxe3 27. Kxe3 Rxc3+ 28. Kd2 Rc4 29. Kd3 Rb4 30. Rb6 Rb2 31. g4 Rb3+ 32. Ke2 b4 33. h4 Rb2+ 34. Ke3 b3 35. h5 gxh5 36. gxh5 Kg7 37. Kd3 Rb1 38. Kc3 Rf1 39. Rxb3 Rxf3+ 40. Kc2 Rxb3 0-1

[Event "GER-ch Youth-U12 2024"]
[Site "Willingen"]
[Date "2024.05.19"]
[Round "2"]
[White "Kaza, Charith"]
[Black "Zimmer, Tim"]
[Result "1/2-1/2"]
[ECO "C50"]
[WhiteElo "1503"]
[BlackElo "1772"]
[Annotator "NA RC"]
[PlyCount "157"]
[EventDate "2022.06.05"]
[EventType "swiss"]
[EventRounds "9"]
[EventCountry "GER"]
[SourceTitle "playchess.com"]
[Source "ChessBase"]
[SourceQuality "1"]
[TimeControl "40/4500+30:900+30"]

1. e4 e5 2. Nf3 Nc6 3. Bc4 Bc5 4. d3 Nf6 5. O-O d6 6. h3 Be6 7. Bb3 h6 8. c3 Bb6 9. Re1 O-O 10. Be3 Ne7 11. Bxb6 axb6 12. d4 Ng6 13. Bxe6 fxe6 14. dxe5 dxe5 15. Nbd2 Nh5 16. g3 Qe7 17. Rf1 Qc5 18. Nb3 Qc6 19. Qe2 Nf6 20. Nfd2 Rf7 21. a3 Rd8 22. Rad1 Rfd7 23. f3 Rd3 24. Nd4 exd4 25. Qxd3 e5 26. Qc4+ Qxc4 27. Nxc4 d3 28. Rf2 b5 29. Ne3 c5 30. b3 Ne7 31. Rfd2 Ra8 32. Ra1 b4 33. cxb4 cxb4 34. a4 Rd8 35. Rad1 Nc6 36. Rxd3 Nd4 37. Kf2 Rf8 38. Kg2 Rc8 39. Nc4 Nd7 40. f4 Nc5 41. fxe5 Nxd3 42. Rxd3 Nxb3 43. Rxb3 Rxc4 44. Kf3 Kf7 45. Ke3 Ke6 46. Kd3 Rc7 47. Rxb4 Kxe5 48. Rb5+ Ke6 49. Kd4 Rd7+ 50. Rd5 Rc7 51. Rb5 Rd7+ 52. Ke3 Rc7 53. a5 Rd7 54. Kf4 Rf7+ 55. Rf5 Rc7 56. Rb5 Rf7+ 57. Kg4 Rc7 58. Rb3 Rf7 59. h4 Ke5 60. Rb4 Ke6 61. Kh5 Ke5 62. g4 Rc7 63. g5 hxg5 64. hxg5 Rd7 65. Ra4 Rd6 66. Rb4 Rd7 67. Kg6 Rc7 68. Ra4 Rd7 69. Rc4 Re7 70. Rc8 Kxe4 71. Rg8 Re5 72. Rxg7 Kf4 73. Rf7+ Kg4 74. Kf6 Rf5+ 75. Ke6 Rxg5 76. Rxb7 Rxa5 77. Rd7 Kf4 78. Rd5 Rxd5 79. Kxd5 1/2-1/2

[Event "GER-ch Youth-U12 2024"]
[Site "Willingen"]
[Date "2024.05.19"]
[Round "2"]
[White "Fass, Ben"]
[Black "Wettstein, Levin"]
[Result "0-1"]
[ECO "C45"]
[WhiteElo "1027"]
[BlackElo "1753"]
[Annotator "NA RC"]
[PlyCount "118"]
[EventDate "2022.06.05"]
[EventType "swiss"]
[EventRounds "9"]
[EventCountry "GER"]
[SourceTitle "playchess.com"]
[Source "ChessBase"]
[SourceQuality "1"]
[TimeControl "40/4500+30:900+30"]

1. e4 e5 2. Nf3 Nc6 3. d4 exd4 4. Nxd4 Nf6 5. Nxc6 bxc6 6. Bd3 d5 7. e5 Ng4 8. Bf4 Bc5 9. O-O O-O 10. Be2 Qh4 11. Bg3 Qg5 12. h4 Qf5 13. Bxg4 Qxg4 14. Qxg4 Bxg4 15. Nc3 Bd4 16. Rfe1 Rab8 17. Rab1 Rxb2 18. Rxb2 Bxc3 19. Rbb1 Bxe1 20. Rxe1 Rb8 21. Ra1 Rb2 22. c3 Kf8 23. Kf1 Bf5 24. Bf4 Bd3+ 25. Ke1 Re2+ 26. Kd1 Rxf2 27. Bg3 Rxg2 28. Be1 Ke7 29. a4 Bc2+ 30. Kc1 Bb3 31. Rb1 Rc2+ 32. Kd1 Rxc3+ 33. Kd2 Rc2+ 34. Kd1 Bxa4 35. Bd2 Rc4+ 36. Ke2 Bb5 37. Kf3 Rc2 38. Bb4+ Ke6 39. Kf4 Rc4+ 40. Ke3 Rxh4 41. Bc5 Kxe5 42. Bxa7 Rh3+ 43. Kf2 Kf4 44. Rb4+ Bc4 45. Rb7 Rh2+ 46. Kg1 Kg3 47. Bc5 Rg2+ 48. Kh1 Rc2 49. Rb1 Bd3 50. Rg1+ Kh3 51. Rb1 Rxc5 52. Rd1 Be4+ 53. Kg1 Rc2 54. Kf1 Kg3 55. Re1 Rf2+ 56. Kg1 Rg2+ 57. Kf1 Bd3+ 58. Re2 Rxe2 59. Kg1 Re1# 0-1

[Event "GER-ch Youth-U12 2024"]
[Site "Willingen"]
[Date "2024.05.20"]
[Round "3"]
[White "Nezhyvenko, Mykhaylo"]
[Black "Bundan, Edward"]
[Result "1-0"]
[ECO "A36"]
[WhiteElo "2075"]
[BlackElo "1897"]
[Annotator "NA"]
[PlyCount "69"]
[EventDate "2022.06.05"]
[EventType "swiss"]
[EventRounds "9"]
[EventCountry "GER"]
[SourceTitle "playchess.com"]
[Source "ChessBase"]
[SourceQuality "1"]
[TimeControl "40/4500+30:900+30"]

1. e4 c5 2. c4 Nc6 3. Nc3 g6 4. g3 Bg7 5. Bg2 e6 6. Nge2 Nge7 7. O-O O-O 8. d3 d6 9. Rb1 Rb8 10. a3 b6 11. b4 Nd4 12. Bf4 e5 13. Bg5 f6 14. Bd2 Bd7 15. f4 Qc7 16. fxe5 dxe5 17. Nxd4 cxd4 18. Nd5 Nxd5 19. exd5 a5 20. Rc1 Qa7 21. bxa5 bxa5 22. c5 Bb5 23. Qc2 Rbc8 24. Qb3 Qa6 25. a4 Bxd3 26. d6+ Kh8 27. Bb7 Qa7 28. Bxc8 Bxf1 29. Qb7 Qxb7 30. Bxb7 Bh3 31. c6 Rd8 32. c7 Rxd6 33. c8=Q+ Bxc8 34. Rxc8+ Bf8 35. Bh6 1-0

[Event "GER-ch Youth-U12 2024"]
[Site "Willingen"]
[Date "2024.05.20"]
[Round "3"]
[White "Sheng, Ming"]
[Black "Peglau, Paul David"]
[Result "1/2-1/2"]
[ECO "B90"]
[WhiteElo "2031"]
[BlackElo "1806"]
[Annotator "NA"]
[PlyCount "61"]
[EventDate "2022.06.05"]
[EventType "swiss"]
[EventRounds "9"]
[EventCountry "GER"]
[SourceTitle "playchess.com"]
[Source "ChessBase"]
[SourceQuality "1"]
[TimeControl "40/4500+30:900+30"]

1. e4 c5 2. Nf3 d6 3. d4 cxd4 4. Nxd4 Nf6 5. Nc3 a6 6. f3 e5 7. Nb3 Be7 8. Be3 Be6 9. Qd2 O-O 10. O-O-O b5 11. g4 Nbd7 12. g5 Nh5 13. Kb1 Nc5 14. Nd5 Bxd5 15. exd5 Nxb3 16. axb3 Rb8 17. b4 Ra8 18. Rg1 Nf4 19. Bxf4 exf4 20. Qxf4 a5 21. Bxb5 axb4 22. Qxb4 Bxg5 23. c4 Qf6 24. Qc3 Qxc3 25. bxc3 Bf4 26. h4 Ra3 27. Kb2 Rfa8 28. Ra1 Rxa1 29. Rxa1 Rxa1 30. Kxa1 Be3 31. Kb2 1/2-1/2

[Event "GER-ch Youth-U12 2024"]
[Site "Willingen"]
[Date "2024.05.20"]
[Round "3"]
[White "Belin, Anton"]
[Black "Heins, Simon"]
[Result "1-0"]
[ECO "C90"]
[WhiteElo "1948"]
[BlackElo "1626"]
[Annotator "NA"]
[PlyCount "101"]
[EventDate "2022.06.05"]
[EventType "swiss"]
[EventRounds "9"]
[EventCountry "GER"]
[SourceTitle "playchess.com"]
[Source "ChessBase"]
[SourceQuality "1"]
[TimeControl "40/4500+30:900+30"]

1. e4 e5 2. Nf3 Nc6 3. Bb5 a6 4. Ba4 b5 5. Bb3 Nf6 6. O-O Be7 7. Re1 d6 8. c3 Bg4 9. h3 Bh5 10. d3 O-O 11. Nbd2 b4 12. Nf1 bxc3 13. bxc3 d5 14. Ng3 Bxf3 15. Qxf3 d4 16. Ba4 Nb8 17. Nf5 dxc3 18. Bh6 g6 19. Nxe7+ Qxe7 20. Bg5 Kg7 21. d4 h6 22. Bh4 g5 23. Bg3 Nbd7 24. dxe5 Nxe5 25. Qxc3 Ng6 26. Rad1 Rad8 27. Bxc7 Rc8 28. e5 Nxe5 29. Qxe5 Qxc7 30. Rd6 Qc3 31. Qxc3 Rxc3 32. Rxa6 Ra3 33. Bb5 Rxa6 34. Bxa6 Ra8 35. Bc4 Ra7 36. f3 h5 37. Kf2 g4 38. Kg3 gxh3 39. gxh3 Rb7 40. Bb3 Kf8 41. Kf4 Nd7 42. Bd5 Ra7 43. Bc6 Nb6 44. Rb1 Nc4 45. a4 Kg7 46. Rb4 Na5 47. Bd5 Rd7 48. Rb5 Nc4 49. Rc5 Nb6 50. Bc6 Nxa4 51. Rg5+ 1-0

[Event "GER-ch Youth-U12 2024"]
[Site "Willingen"]
[Date "2024.05.20"]
[Round "3"]
[White "Li, Yunqi"]
[Black "Shevchenko, Igor"]
[Result "1/2-1/2"]
[ECO "B14"]
[WhiteElo "1940"]
[BlackElo "1758"]
[Annotator "NA"]
[PlyCount "77"]
[EventDate "2022.06.05"]
[EventType "swiss"]
[EventRounds "9"]
[EventCountry "GER"]
[SourceTitle "playchess.com"]
[Source "ChessBase"]
[SourceQuality "1"]
[TimeControl "40/4500+30:900+30"]

1. e4 c6 2. d4 d5 3. exd5 cxd5 4. c4 Nf6 5. Nc3 Nc6 6. Bg5 e6 7. Nf3 Be7 8. c5 Bd7 9. Bb5 h6 10. Bh4 Ne4 11. Bxe7 Qxe7 12. Nxe4 dxe4 13. Bxc6 Bxc6 14. Ne5 Qc7 15. O-O O-O 16. b4 Rfd8 17. a4 a6 18. Nc4 Qf4 19. Nd6 Rxd6 20. cxd6 Qxd6 21. Qb3 Qxd4 22. Rfd1 Qb6 23. Rac1 Bd5 24. Qa3 f5 25. a5 Qb5 26. Qb2 Qe8 27. Rc7 Qg6 28. h3 Rf8 29. Qe5 f4 30. Rxd5 exd5 31. Qxd5+ Kh8 32. Re7 e3 33. Qe4 exf2+ 34. Kxf2 Qxe4 35. Rxe4 Rf7 36. h4 Kh7 37. Kf3 g5 38. hxg5 hxg5 39. Kg4 1/2-1/2

[Event "GER-ch Youth-U12 2024"]
[Site "Willingen"]
[Date "2024.05.20"]
[Round "3"]
[White "Stehning, Toni"]
[Black "Schmidt, Jossip"]
[Result "1-0"]
[ECO "B38"]
[WhiteElo "1821"]
[BlackElo "1603"]
[Annotator "NA"]
[PlyCount "111"]
[EventDate "2022.06.05"]
[EventType "swiss"]
[EventRounds "9"]
[EventCountry "GER"]
[SourceTitle "playchess.com"]
[Source "ChessBase"]
[SourceQuality "1"]
[TimeControl "40/4500+30:900+30"]

1. e4 c5 2. Nf3 Nc6 3. d4 cxd4 4. Nxd4 g6 5. c4 Bg7 6. Be3 Nf6 7. Nc3 d6 8. Be2 O-O 9. O-O Bd7 10. Nc2 h6 11. Qd2 Kh7 12. h3 Rc8 13. Rac1 a6 14. Na3 Qa5 15. f4 Nxe4 16. Nxe4 Qxd2 17. Bxd2 Bxb2 18. Rc3 Bxc3 19. Bxc3 Nd8 20. Nb1 f5 21. Ned2 Ne6 22. Nb3 Ba4 23. Ba1 Bxb3 24. axb3 Nc5 25. b4 Ne4 26. Bd3 e6 27. Rd1 Rfd8 28. Bxe4 fxe4 29. Bf6 Rd7 30. c5 d5 31. Nc3 Rf7 32. Be5 Rc6 33. Ne2 Rc8 34. Nd4 Re7 35. Bd6 Ree8 36. Rb1 Kg8 37. b5 a5 38. b6 Rcd8 39. Nb5 Kf7 40. Ra1 Rd7 41. Rxa5 Rc8 42. Ra7 Rc6 43. Kf2 Kf6 44. Ke3 Rdxd6 45. Nxd6 Rxc5 46. Rxb7 Rc3+ 47. Kd2 Rd3+ 48. Kc2 g5 49. Rf7+ Kg6 50. b7 Rg3 51. b8=Q Rxg2+ 52. Kd1 e3 53. Rf6+ Kh5 54. Rxh6+ Kxh6 55. Qh8+ Kg6 56. Qg8+ 1-0